 Dungeon Crawl Stone Soup version 0.22-a0-469-gf26638a (webtiles) character file.

75 Gildeon the Ruffian (level 4, -3/40 HPs)
             Began as a Ghoul Monk on June 12, 2018.
             Was a Follower of Ru.
             Slain by Edmund
             ... wielding a +1 flail of holy wrath
              (10 damage)
             ... on level 4 of the Dungeon.
             The game lasted 00:10:13 (2011 turns).

Gildeon the Ruffian (Ghoul Monk)                    Turns: 2011, Time: 00:10:14

Health: -3/40      AC:  3    Str: 15    XL:     4   Next: 31%
Magic:  3/3        EV: 13    Int:  5    God:    Ru [*.....]
Gold:   203        SH:  0    Dex: 11    Spells: 3/3 levels left

rFire    + . .     SeeInvis .     - Unarmed
rCold    + . .     Gourm    .   (no shield)
rNeg     + + +     Faith    .   a - +1 robe
rPois    ∞         Spirit   .   (no helmet)
rElec    .         Reflect  .   (no cloak)
rCorr    .         Harm     .   (no gloves)
MR       .....                  (no boots)
Stlth    ++........             (no amulet)
HPRegen  0.00/turn              h - ring of protection from fire
MPRegen  0.08/turn              (no ring)

@: rotting
A: rotting body, claws 1, carnivore, cold resistance 1, negative energy
resistance 3, inhibited regeneration, torment resistance, unbreathing, inability
to train armour
a: Renounce Religion


You were on level 4 of the Dungeon.
You worshipped Ru.
Ru was aware of your devotion.
You were not hungry.

You visited 1 branch of the dungeon, and saw 4 of its levels.

You collected 203 gold pieces.

Inventory:

Armour
 a - a +1 robe (worn)
Jewellery
 h - a ring of protection from fire (left claw)
Scrolls
 d - 5 scrolls of teleportation
 j - 2 scrolls of remove curse
Potions
 e - 2 potions of curing
 f - a potion of cancellation {unknown}
 i - 2 potions of lignification {unknown}
Comestibles
 b - 7 rations


   Skills:
 + Level 3.8 Fighting
   Level 0.0 Armour
 + Level 3.2 Dodging
 + Level 3.1 Stealth
 + Level 3.9 Unarmed Combat


You had 3 spell levels left.
You didn't know any spells.
Your spell library was empty.

Dungeon Overview and Level Annotations

Branches:
Dungeon (4/15)
 Temple: D:4-7

Altars:
Ashenzari
Hepliaklqana
Okawaru
Qazlal
Ru
Trog

Annotations:
D:4 Edmund


Innate Abilities, Weirdness & Mutations

Your body is rotting away.
You thrive on raw meat.
You are immune to poison.
You have sharp fingernails.
You are carnivorous and can eat meat at any time.
Your flesh is cold resistant. (rC+)
You are immune to negative energy. (rN+++)
You do not regenerate when monsters are visible.
You are immune to unholy pain and torment.
You can survive without breathing.
You cannot train Armour skill.


Message History

Edmund is moderately wounded.
Edmund barely misses you.
You closely miss Edmund.
Edmund is moderately wounded.
You scratch Edmund but do no damage.
Edmund is moderately wounded.
Edmund hits you but does no damage.
You closely miss Edmund.
Edmund is moderately wounded.
Edmund hits you with a flail of holy wrath.
* * * LOW HITPOINT WARNING * * *
You convulse.
* * * LOW HITPOINT WARNING * * *
You barely miss Edmund.
Edmund is moderately wounded.
Edmund misses you.
You completely miss Edmund.
Edmund is moderately wounded.
Edmund hits you with a flail of holy wrath!
You die...

######.#######
#>#########
#.........#
#########.#
#.# #.# #.#
#.# #@# #@#
#.# #.# #.#
..# ###


You could see Edmund.

Vanquished Creatures
  2 adders
  An ooze (D:2)
  3 worms
  A dart slug (D:1)
  A leopard gecko (D:2)
  2 orcs (D:3)
  4 bats
  A giant cockroach (D:2)
  6 goblins
  6 hobgoblins
  A ball python (D:1)
  5 frilled lizards
  3 kobolds
  4 rats
40 creatures vanquished.

Notes
Turn   | Place    | Note
-------+----------+-------------------------------------------
     0 | D:1      | Gildeon the Ghoul Monk began the quest for the Orb.
     0 | D:1      | Reached XP level 1. HP: 19/19 MP: 0/0
   261 | D:1      | Reached XP level 2. HP: 26/26 MP: 1/1
   807 | D:2      | Found an iron altar of Okawaru.
  1005 | D:2      | Reached XP level 3. HP: 30/31 MP: 2/2
  1015 | D:2      | Found a sacrificial altar of Ru.
  1037 | D:2      | Became a worshipper of Ru the Awakened
  1041 | D:2      | Gained mutation: You cannot train Armour skill. [Ru sacrifice]
  1041 | D:2      | Reached * piety under Ru
  1108 | D:2      | Found a hazy altar of Hepliaklqana.
  1117 | D:2      | You fall through a shaft!
  1248 | D:2      | Found a shattered altar of Ashenzari.
  1259 | D:2      | Found a bloodstained altar of Trog.
  1517 | D:2      | Reached XP level 4. HP: 40/40 MP: 3/3
  1759 | D:3      | Found a stormy altar of Qazlal.
  1992 | D:4      | Noticed Edmund
  2011 | D:4      | Slain by Edmund

Vault maps used:
D:1:      lemuel_arrival_river_bridge
D:2:      overflow_temple_1_default, nicolae_ru_great_annihilating_truth,
          lemuel_coloured_pillars_altar, amethyst_overflow_temple_binary,
          first_ration
D:3:      nicolae_qazlal_eye_of_the_storm, roderic_roman_lattice,
          hangedman_decor_points
D:4:      serial_shops, kennysheep_little_box, uniq_edmund,
          uniq_crazy_yiuf_cottage

Skill      XL: |  1  2  3 |
---------------+----------+-----
Dodging        | 3 |  3.2
Stealth        | 3 |  3.1
Fighting       | |  3.8
Unarmed Combat | |  3.9

Action                   |  1- 3 |  4- 6 || total
-------------------------+-------+-------++-------
Melee: Unarmed           |   121 |    34 ||   155
       Punch             |       |     1 ||     1
Invok: Sacrifice Durabil |     1 |       ||     1
  Use: Scroll            |     7 |     5 ||    12
 Stab: Sleeping          |     3 |     1 ||     4
       Paralysed         |     2 |       ||     2
       Invisible         |     1 |       ||     1
  Eat: Chunk             |    22 |     5 ||    27
       Ration            |     1 |       ||     1
Armor: Robe              |    32 |     4 ||    36
Dodge: Dodged            |    99 |    10 ||   109

Table legend:
 A = Spawn XP
 B = Non-spawn XP
 C = Spawn XP percentage of total XP
 D = Spawn monster count
 E = Non-spawn monster count
 F = Spawn count percentage of total count
 G = Total turns spent on level
                    A         B        C        D         E        F      G
               +---------+---------+-------+---------+---------+-------+---------
         Total |       0 |     108 |   0.0 |       0 |      40 |   0.0 |  2011
               +---------+---------+-------+---------+---------+-------+---------
           D:1 |       0 |      20 |   0.0 |       0 |      10 |   0.0 |   765
           D:2 |       0 |      61 |   0.0 |       0 |      24 |   0.0 |   743
           D:3 |       0 |      14 |   0.0 |       0 |       5 |   0.0 |   425
           D:4 |       0 |      13 |   0.0 |       0 |       1 |   0.0 |    78
               +---------+---------+-------+---------+---------+-------+---------
